 Dungeon Crawl Stone Soup version 0.30.1-4-g462c640d31 (webtiles) character file.

Game seed: 4144954221270622098

42 Peloso the Trooper (level 3, -4/33 HPs)
             Began as a Hill Orc Fighter on Aug 23, 2023.
             Slain by an iguana (8 damage)
             ... on level 2 of the Dungeon.
             The game lasted 00:01:52 (1416 turns).

Peloso the Trooper (Hill Orc Fighter)               Turns: 1416, Time: 00:01:53

Health: -4/33      AC:  9    Str: 18    XL:     3   Next: 54%
Magic:  3/3        EV:  7    Int:  8    God:
Gold:   35         SH:  5    Dex: 12    Spells: 2/2 levels left

rFire   . . .        a - +0 long sword
rCold   . . .        c - +0 buckler
rNeg    . . .        e - +0 chain mail
rPois   .            (no helmet)
rElec   .            (no cloak)
rCorr   .            (no gloves)
SInv    .            (no boots)
Will    .....        (no amulet) Stlth
                     (no ring)
HPRegen 0.25/turn    (no ring)
MPRegen 0.08/turn

%: no passive effects
@: no status effects
A: no striking features
a: no special abilities


You were on level 2 of the Dungeon.
You visited 1 branch of the dungeon, and saw 2 of its levels.

You collected 35 gold pieces.

Inventory:

Hand Weapons
 a - a +0 long sword (weapon)
Armour
 b - a +0 scale mail
 c - a +0 buckler (worn)
 e - a +0 chain mail (worn)
Scrolls
 f - a scroll of identify {unknown}
 g - a scroll of noise {unknown}
 i - a scroll of immolation {unknown}
Potions
 d - 2 potions of might
 h - a potion of invisibility {unknown}


   Skills:
 + Level 4.2 Fighting
 + Level 2.8 Long Blades
 + Level 3.5 Armour
 + Level 3.9 Shields


You had 2 spell levels left.
You didn't know any spells.
Your spell library contained the following spells:

 Spells                   Type           Power      Damage    Failure   Level
 Beastly Appendage        Tmut           0%         N/A       99%         1
 Wereblood                Tmut           0%         N/A       100%        2
 Spider Form              Tmut/Pois      0%         N/A       100%        3


Dungeon Overview and Level Annotations

Branches:
Dungeon (2/15)

Altars:

Shops:
D:2 [


Message History

i - a scroll labelled OCWOTY ROAG An iguana comes into view.
Found a stone staircase leading down.
A ball python comes into view.
There are monsters nearby!
There are monsters nearby!
There are monsters nearby!
A kobold and a hobgoblin come into view.
The kobold shouts!
The hobgoblin shouts!
The ball python hisses angrily.
The kobold throws a stone.
The stone hits you. You block the iguana's attack.
You hit the iguana.
The iguana is lightly wounded.
The iguana bites you.
You hit the iguana but do no damage.
The iguana is lightly wounded.
The hobgoblin hits you but does no damage.
You block the iguana's attack. The kobold barely misses you.
The iguana closely misses you. The hobgoblin barely misses you.
You hit the iguana.
The iguana is moderately wounded.
The ball python bites you but does no damage.
The ball python barely misses you. The iguana bites you!
The kobold hits you but does no damage. The hobgoblin barely misses you.
The ball python bites you but does no damage.
The ball python closely misses you. You block the ball python's attack.
The ball python grabs you. The ball python constricts you.
You escape the ball python's grasp.
The iguana attacks as you move away! The iguana bites you.
The iguana attacks as you move away! The iguana bites you!
* * * LOW HITPOINT WARNING * * *
You closely miss the iguana.
The iguana is moderately wounded.
The iguana bites you.
* * * LOW HITPOINT WARNING * * *
You hit the iguana.
The iguana is heavily wounded.
The iguana bites you!
You die...

#.#. ##.........
.#.#.####..........
...............>...
.#(#....#..........
#.##.#.#.#####.### #.#...∩Kg#
# # #[..##.#S#
#.#..###.#l###### ##.#..#
#..@.....# #(...##
#........####
##..#.####............
##?..#.............######
#..................#....##
#..........##.###.##.#...####
#...........†.# #.#.....))..#
#..........#### #.###.#..##.#
>..####.........
#........##.#


You could see an iguana, a hobgoblin, a ball python and a kobold.

Vanquished Creatures
  A dart slug (D:1)
  5 orcs (D:2)
  4 ball pythons (D:1)
  6 endoplasms (D:1)
  2 giant cockroaches (D:1)
  4 goblins (D:1)
  3 hobgoblins
  2 bats (D:1)
  A frilled lizard (D:1)
  A kobold (D:1)
  A rat (D:2)
30 creatures vanquished.

Notes
Turn   | Place    | Note
-------+----------+-------------------------------------------
     0 | D:1      | Peloso the Hill Orc Fighter began the quest for the Orb.
     0 | D:1      | Reached XP level 1. HP: 19/19 MP: 1/1
   201 | D:1      | Reached XP level 2. HP: 27/27 MP: 2/2
   499 | D:1      | Reached skill level 4 in Fighting
   531 | D:1      | Reached XP level 3. HP: 22/33 MP: 3/3
   979 | D:1      | Found a faded altar of an unknown god.
  1362 | D:2      | Found Sooz's Armour Emporium.
  1416 | D:2      | Slain by an iguana

Illustrated notes

Levels and vault maps discovered:
D:1:      minmay_arrival_wavy_path, layout_loops_ring,
          hellmonk_ecumenical_altar_leap_of_faith
D:2:      layout_basic, serial_shops, nicolae_shop_crystal,
          chequers_serial_rivers_micro_b, uniq_sigmund

Skill      XL: |  1  2 |
---------------+-------+-----
Fighting       | 4 |  4.2
Long Blades    | |  2.8
Armour         | |  3.5
Shields        | |  3.9

Action                     || total
---------------------------++-------
  Melee: Long sword        ||    94
    Use: Potion            ||     2
         Scroll            ||     1
 Armour: Scale mail        ||    25
         Chain mail        ||     4
  Dodge: Dodged            ||    44
  Block: Buckler           ||    19
